 Seeded DCSS version 0.31-a0-986-g5e6e4ef867 (webtiles) character file.

Game seed: 5200550829900917827 (custom seed)

153 timneilson the Ruffian (level 5, -1/34 HPs)
             Began as an Octopode Shapeshifter on Nov 15, 2023.
             Slain by an ogre
             ... wielding a +0 giant spiked club
              (18 damage)
             ... on level 4 of the Dungeon.
             The game lasted 00:03:19 (2267 turns).

timneilson the Ruffian (Octopode Shapeshifter)      Turns: 2267, Time: 00:03:20

Health: -1/34      AC:  1    Str: 15    XL:     5   Next: 35%
Magic:  6/6        EV: 13    Int: 12    God:
Gold:   168        SH:  0    Dex: 12    Spells: 6/6 levels left

rFire   . .          .
                       - Unarmed
rCold   . . .        (no shield)
rNeg    . . .        (helmet currently unavailable)
rPois   .            g - amulet of regeneration
rElec   .            (no ring)
rCorr   .            (no ring)
SInv    .            (no ring)
Will    .....        (no ring)
Stlth   +++          (no ring)
HPRegen 1.05/turn    (no ring)
MPRegen 0.10/turn    (no ring)
                     (no ring)

%: no passive effects
@: beast-form, hasted, very quick
A: beast (slay +2), almost no armour, amphibious, 8 rings, camouflage 1,
gelatinous body 1, (nimble swimmer 1), tentacles
a: Begin Untransformation


You were on level 4 of the Dungeon.
You were a hulking beast.
You visited 1 branch of the dungeon, and saw 4 of its levels.

You collected 168 gold pieces.

Inventory:

Missiles
 i - a throwing net
Jewellery
 g - an amulet of regeneration (around mantle)
Talismans
 b - a beast talisman
 c - a flux talisman
Wands
 h - a wand of flame (16)
Potions
 a - a potion of lignification
 j - 2 potions of curing
 l - a potion of might {unknown}


   Skills:
 * Level 2.2 Fighting
 * Level 2.7 Dodging
 + Level 1.7 Stealth
 * Level 3.7 Unarmed Combat
 + Level 1.1 Spellcasting
 + Level 1.0 Evocations
 * Level 3.5 Shapeshifting


You had 6 spell levels left.
You didn't know any spells.
Your spell library contained the following spells:

 Spells                   Type           Power      Damage    Failure   Level
 Apportation              Tloc           0%         N/A       30%         1
 Sting                    Tmut/Pois      0%         1d3       30%         1
 Jinxbite                 Hex            0%         N/A       41%         2
 Poisonous Vapours        Pois/Air       0%         N/A       41%         2
 Olgreb's Toxic Radiance  Pois           0%         N/A       96%         4
 Alistair's Intoxication  Tmut/Pois      0%         N/A       100%        5


Dungeon Overview and Level Annotations

Branches:
Dungeon (4/15)
 Temple: D:4-7

Altars:

Shops:
D:3 =


Innate Abilities, Weirdness & Mutations

You are a hulking beast.
Your limbs bulge with bestial killing power. (Slay +2)
You cannot wear most types of armour.
You are amphibious.
You can wear up to eight rings at the same time.
Your skin changes colour to match your surroundings (Stealth+).
Your rubbery body absorbs attacks. (AC +1, EV +1)
((You are camouflaged when in or above water. (Stealth+)))
You have tentacles for arms and can constrict up to eight enemies at once.


Message History

You tentacle-slap the adder.
You kill the adder!
You feel sick.
An ogre comes into view. It is wielding a +0 giant spiked club.
You feel better. The orc barely misses you.
You feel yourself speed up. The orc hits you with a +0 whip!
The ogre shouts!
You tentacle-slap the orc. You grab the orc.
The orc is severely wounded.
You constrict the orc. You tentacle-slap the orc.
You kill the orc!
You closely miss the orc wizard. Your grab misses the orc wizard.
The orc wizard misses you.
You tentacle-slap the ogre. You squeeze the ogre!
The ogre is heavily wounded.
You tentacle-slap the ogre but do no damage.
The ogre is heavily wounded.
The orc wizard barely misses you.
The ogre hits you with a +0 giant spiked club!
* * * LOW HITPOINT WARNING * * *
You feel better.
The orc wizard hits you with a +0 dagger.
You barely miss the ogre. You tentacle-slap the ogre.
Your squeeze misses the ogre.
The ogre is heavily wounded.
The ogre closely misses you.
You barely miss the ogre.
The ogre is heavily wounded.
The orc wizard casts a spell.
The orc wizard flickers and vanishes!
Deactivating autopickup; reactivate with Ctrl-A.
You tentacle-slap the ogre.
The ogre is heavily wounded.
You bludgeon the ogre!
The ogre is almost dead.
Something hits you but does no damage.
The ogre hits you with a +0 giant spiked club!!
Ouch! That really hurt!
You die...

##...†...##.##.####.##..
#. #.
##.....###.##.####.##
##...## #.##.......#
##.## #.#######..#
#.#####.#######..#
#................##.#.
### ##...............~ §
#..)#######.####.~
#...o{hO..#.#
#...#####.#.# #.......
.# # #......... .#
#.......... ##
#.###..)#### #. #...#
#...#


You could see an ogre and an orc.

Vanquished Creatures
  A jelly (D:3)
  An orc wizard (D:3)
  5 adders
  A worm (D:3)
  A dart slug (D:3)
  4 orcs
  4 endoplasms
  3 giant cockroaches
  4 goblins
  4 hobgoblins
  5 kobolds
  3 ball pythons
  3 bats
  A frilled lizard (D:1)
  9 rats
49 creatures vanquished.

Notes
Turn   | Place    | Note
-------+----------+-------------------------------------------
     0 | D:1      | timneilson the Octopode Shapeshifter began the quest for
                  | the Orb.
     0 | D:1      | Reached XP level 1. HP: 13/13 MP: 1/1
   121 | D:1      | Reached XP level 2. HP: 18/18 MP: 2/2
   674 | D:2      | Found a faded altar of an unknown god.
   753 | D:2      | Reached skill level 1 in Stealth
   753 | D:2      | Reached XP level 3. HP: 21/23 MP: 3/3
  1512 | D:3      | Reached XP level 4. HP: 23/29 MP: 5/5
  1714 | D:3      | Reached skill level 1 in Spellcasting
  1760 | D:3      | Found Sippeol's Jewellery Shoppe.
  1850 | D:3      | Reached XP level 5. HP: 34/34 MP: 6/6
  2118 | D:4      | Noticed an ogre
  2172 | D:4      | Reached skill level 1 in Evocations
  2255 | D:4      | Noticed an ogre
  2267 | D:4      | Slain by an ogre

Illustrated notes

Levels and vault maps discovered:
D:1:      giann_horns, layout_basic
D:2:      layout_loops_ring, hellmonk_ecumenical_altar_pennies_from_heaven
D:3:      layout_loops_corners, serial_shops, shop
D:4:      layout_loops_ring, minmay_temple_entry_mist

Skill      XL: |  1  2  3  4  5 |
---------------+----------------+-----
Stealth        | 1 |  1.7
Fighting       | 2 |  2.2
Spellcasting   | 1 |  1.1
Evocations     | 1 |  1.0
Dodging        | |  2.7
Unarmed Combat | |  3.7
Shapeshifting  | |  3.5

Action                     |  1- 3 |  4- 6 || total
---------------------------+-------+-------++-------
  Melee: Unarmed           |    77 |    32 ||   109
         Constrict         |    19 |     9 ||    28
         Tentacles         |     9 |     8 ||    17
         Punch             |     4 |     5 ||     9
    Use: Scroll            |     2 |     5 ||     7
         Potion            |       |     3 ||     3
   Stab: Sleeping          |     9 |     3 ||    12
 Armour: Skin              |    25 |    16 ||    41
  Dodge: Dodged            |    35 |    18 ||    53

Table legend: (Time is in decaauts)
 A = Elapsed time spent in this place.
 B = Non-inter-level travel time spent in this place.
 C = Inter-level travel time spent in this place.
 D = Time resting spent in this place.
 E = Time spent auto-exploring this place.
 F = Levels seen in this place.
 G = Mean time per level.
                   A        B        C        D        E       F      G
               +--------+--------+--------+--------+--------+-----+--------+
         Total |   2257 |   2152 |    105 |      0 |   1741 |   4 |  564.2 |
       Dungeon |   2257 |   2152 |    105 |      0 |   1741 |   4 |  564.2 |
               +--------+--------+--------+--------+--------+-----+--------+

Top non-repeatable levels by time:
     D:3: 882 daAuts
     D:2: 668 daAuts
     D:1: 599 daAuts
     D:4: 108 daAuts
